 Dungeon Sprint DCSS version 0.19-a0-82-gd3566c2 (webtiles) character file.

15855 Kidiri the Brawler (level 12, -3/132 HPs)
             Began as a Troll Monk on May 15, 2016.
             Was a High Priest of Okawaru.
             Slain by an orc warrior
             ... wielding a +0 trident
              (5 damage)
             ... in the Dungeon (Sprint IX: "|||||||||||||||||||||||||||||").
             The game lasted 00:09:46 (1544 turns).

Kidiri the Brawler (Troll Monk)                     Turns: 1544, Time: 00:09:47

Health: -3/132     AC: 23    Str: 28    XL:     12   Next: 4%
Magic:  11/17      EV: 16    Int:  6    God:    Okawaru [*****.]
Gold:   1200       SH:  0    Dex: 13    Spells: 0 memorised, 11 levels left

rFire  x . .     SeeInvis .       - Unarmed
rCold  + + .     Gourm    +     t - +1 ice dragon armour
rNeg   . . .     Faith    .     (no shield)
rPois  .         Spirit   .     (helmet restricted)
rElec  .         Dismiss  .     n - +2 cloak
rCorr  .         Reflect  .     (gloves unavailable)
SustAt .         Harm     .     (boots unavailable)
MR     .....     NoTele   +     (no amulet)
Stlth  ++........               p - +2 ring of protection
                                o - +3 ring of strength

@: heroism, finesse, not resistant to hostile enchantments, unstealthy
A: unfitting armour, claws 3, fast metabolism 3, gourmand, regeneration 2,
shaggy fur 1, tough skin 2
a: Heroism, Finesse, Renounce Religion


You were in the Dungeon.
You worshipped Okawaru.
Okawaru was extremely pleased with you.
You were very full.

You visited 1 branch You collected 1200 gold pieces.

Inventory:

Hand Weapons
 v - the +1 dire flail "Pitane" {freeze, Str+3}
   (Okawaru gifted it to you in the Dungeon)

   It has been specially enchanted to freeze those struck by it, causing extra
   injury to most foes and up to half again as much damage against particularly
   susceptible opponents.
   It can also slow down cold-blooded creatures.
   It affects your strength (+3).
Missiles
 w - a javelin of returning (quivered)
 y - 3 tomahawks
Armour
 a - a +2 robe
 n - a +2 cloak (worn)
 t - a +1 ice dragon armour (worn)
Jewellery
 o - a +3 ring of strength (left claw)
 p - a +2 ring of protection (right claw)
Wands
 m - a wand of iceblast (7/15)
Scrolls
 h - 4 scrolls of blinking
 k - 3 scrolls of remove curse
 l - 2 scrolls of amnesia
 u - 2 scrolls of fog
Potions
 c - 8 potions of curing
 d - 2 potions of heal wounds
 e - a potion of haste
 f - 4 potions of magic
 g - a potion of berserk rage
 j - a potion of invisibility
 q - 2 potions of agility
 r - a potion of resistance
 A - a potion of might {unknown}
Comestibles
 b - 15 bread rations
 i - 12 meat rations
 x - 45 fruits
 z - 10 chunks of flesh


   Skills:
 * Level 11.8(16.8) Fighting
 + Level 5.8(10.8) Maces & Flails
 + Level 6.7(11.7) Throwing
 + Level 8.0(13.0) Armour
 * Level 11.7(16.7) Dodging
 + Level 6.3(11.3) Stealth
 * Level 16.3(21.3) Unarmed Combat
 + Level 8.3 Invocations
 + Level 7.2 Evocations


You had 11 spell levels left.
You didn't know any spells.

Dungeon Overview and Level Annotations

Branches:
Dungeon (1/1)

Altars:
Cheibriados
Dithmenos
Elyvilon
Fedhas
Gozag
Kikubaaqudgha
Makhleb
Nemelex Xobeh
Okawaru
Pakellas
Qazlal
Ru
Sif Muna
Trog
Vehumet
Xom
Yredelemnul
Zin
The Shining One
Beogh
Jiyva
Lugonu

Shops:
D :?*(


Innate Abilities, Weirdness & Mutations

You are too large for most types of armour.
You have claws for hands.
Your metabolism is lightning-fast.
You like to eat raw meat.
You heal very quickly.
You are covered in fur (AC +1).
You have very tough skin (AC +2).


Message History

a war axe; a chain mail; 50 gold pieces; an orc corpse You closely miss the orc warrior.
You mangle the orc warrior!!
You kill the orc warrior!
Okawaru accepts your kill.
The orc warrior hits you from afar with a trident!
* * * LOW HITPOINT WARNING * * *
The orc warrior misses you.
Items here: $ ) [ † a dire flail; a plate armour; 100 gold pieces; an orc corpse You mangle the orc warrior!!
The orc warrior is almost dead.
The orc warrior hits you with a trident!
* * * LOW HITPOINT WARNING * * *
The orc warrior misses you.
You claw the orc warrior!
You kill the orc warrior!
Okawaru accepts your kill.
The orc warrior hits you with a trident.
You die...

▓.▓[▓.▓.▓
▓.▓[▓.▓.▓
▓+▓.▓[▓.▓.▓
▓.▓.▓[▓.▓)▓
▓.▓.▓.▓.▓'▓
▓.▓.▓.▓.▓.▓
▓.▓.▓'▓.▓.▓
▓o▓.▓.▓.▓.▓
▓@▓.▓.▓.▓.▓
▓)▓.▓(▓.▓.▓
▓∩▓.▓.▓.▓.▓
▓)▓.▓.▓.▓'▓
▓∩▓.▓.▓.▓.▓
▓.▓.▓.▓.▓.▓
▓∩▓.▓.▓.▓[▓
▓$▓.▓.▓.▓[▓
▓)▓.▓%▓.▓.▓


You could see an orc warrior.

Vanquished Creatures
  2 hydras (D)
  A catoblepas (D)
  5 death yaks (D)
  Urug (D)
  9 orc knights (D)
  A cyclops (D)
  A deep elf mage (D)
  A griffon (D)
  A spiny frog (D)
  2 komodo dragons (D)
  A slime creature (D)
  A blink frog (D)
  A boulder beetle (D)
  Grum (D)
  4 yaks (D)
  2 hippogriffs (D)
  A basilisk (D)
  2 hungry ghosts (D)
  A water moccasin (D)
  A porcupine (D)
  13 orc warriors (D)
  4 wolves (D)
  A crocodile (D)
  3 giant frogs (D)
  A killer bee (D)
  A crimson imp (D)
  2 hounds (D)
  3 orc wizards (D)
  5 orc priests (D)
  An iguana (D)
  A worker ant (D)
  A river rat (D)
  2 adders (D)
  An adder skeleton (D)
  A giant gecko (D)
  8 orcs (D)
  A bat (D)
  A hobgoblin (D)
  2 giant newts (D)
91 creatures vanquished.

Notes
Turn   | Place    | Note
--------------------------------------------------------------
     0 | D        | Kidiri the Troll Monk began the quest for the Orb.
     0 | D        | Reached XP level 1. HP: 22/22 MP: 0/0
   143 | D        | Noticed a crimson imp
   143 | D        | Noticed a worker ant
   143 | D        | Noticed a hound
   147 | D        | Killed a hound
   147 | D        | Reached skill level 1 in Armour
   147 | D        | Reached skill level 5 in Unarmed Combat
   147 | D        | Reached XP level 2. HP: 29/32 MP: 1/1
   147 | D        | Reached XP level 3. HP: 36/39 MP: 2/2
   157 | D        | Reached XP level 4. HP: 36/49 MP: 3/3
   166 | D        | Reached skill level 6 in Unarmed Combat
   171 | D        | Found a glowing silver altar of Zin.
   171 | D        | Found a glowing golden altar of the Shining One.
   171 | D        | Found an ancient bone altar of Kikubaaqudgha.
   171 | D        | Found a basalt altar of Yredelemnul.
   171 | D        | Found a shimmering altar of Xom.
   171 | D        | Found a radiant altar of Vehumet.
   172 | D        | Found an iron altar of Okawaru.
   173 | D        | Found a burning altar of Makhleb.
   174 | D        | Found a deep blue altar of Sif Muna.
   175 | D        | Found a bloodstained altar of Trog.
   176 | D        | Found a sparkling altar of Nemelex Xobeh.
   177 | D        | Found a white marble altar of Elyvilon.
   178 | D        | Found a roughly hewn altar of Beogh.
   179 | D        | Found a viscous altar of Jiyva.
   180 | D        | Found a corrupted altar of Lugonu.
   181 | D        | Found a blossoming altar of Fedhas.
   182 | D        | Found a snail-covered altar of Cheibriados.
   186 | D        | Became a worshipper of Warmaster Okawaru
   186 | D        | Reached * piety under Okawaru
   186 | D        | Reached ** piety under Okawaru
   217 | D        | Found a shadowy altar of Dithmenos.
   218 | D        | Found a stormy altar of Qazlal.
   219 | D        | Found an opulent altar of Gozag.
   220 | D        | Found a sacrificial altar of Ru.
   221 | D        | Found an oddly glowing altar of Pakellas.
   266 | D        | Noticed a yak
   266 | D        | Noticed a hungry ghost
   266 | D        | Noticed a hungry ghost
   269 | D        | Killed a hungry ghost
   269 | D        | Reached skill level 5 in Fighting
   269 | D        | Reached skill level 5 in Dodging
   269 | D        | Reached skill level 7 in Unarmed Combat
   269 | D        | Reached skill level 1 in Evocations
   269 | D        | Reached XP level 5. HP: 58/58 MP: 1/5
   274 | D        | Reached XP level 6. HP: 66/67 MP: 1/6
   290 | D        | Killed a hungry ghost
   290 | D        | Reached *** piety under Okawaru
   290 | D        | Reached skill level 8 in Unarmed Combat
   297 | D        | Killed a yak
   297 | D        | Reached XP level 7. HP: 60/76 MP: 3/8
   348 | D        | Noticed a slime creature
   348 | D        | Noticed a cyclops
   348 | D        | Noticed a deep elf mage
   348 | D        | Noticed a hippogriff
   356 | D        | Killed a hippogriff
   356 | D        | Reached skill level 9 in Unarmed Combat
   360 | D        | Killed a deep elf mage
   360 | D        | Reached **** piety under Okawaru
   360 | D        | Reached XP level 8. HP: 86/88 MP: 7/10
   365 | D        | Killed a cyclops
   365 | D        | Reached skill level 5 in Armour
   365 | D        | Reached skill level 10 in Unarmed Combat
   369 | D        | Killed a slime creature
   499 | D        | Noticed a seven-headed hydra
   499 | D        | Noticed a spiny frog
   503 | D        | Reached skill level 5 in Invocations
   506 | D        | Reached skill level 1 in Throwing
   506 | D        | Reached XP level 9. HP: 93/97 MP: 8/11
   508 | D        | Killed a spiny frog
   508 | D        | Reached ***** piety under Okawaru
   514 | D        | Killed a nine-headed hydra
   514 | D        | Reached skill level 11 in Unarmed Combat
   536 | D        | Reached skill level 12 in Unarmed Combat
   540 | D        | Received a gift from Okawaru
   550 | D        | Got a translucent dire flail {god gift}
   551 | D        | Identified the +1 dire flail "Pitane" {freeze, Str+3} (Okawaru gifted it to you in the Dungeon)
   689 | D        | Noticed a griffon
   689 | D        | Noticed an eight-headed hydra
   690 | D        | Noticed a komodo dragon
   694 | D        | Killed a nine-headed hydra
   694 | D        | Reached skill level 1 in Maces & Flails
   694 | D        | Reached skill level 5 in Evocations
   694 | D        | Reached XP level 10. HP: 87/107 MP: 5/13
   703 | D        | Killed a griffon
   703 | D        | Reached skill level 13 in Unarmed Combat
   718 | D        | Reached skill level 10 in Fighting
   808 | D        | Noticed a death yak
   808 | D        | Noticed a death yak
   808 | D        | Noticed a death yak
   808 | D        | Noticed a catoblepas
   809 | D        | Noticed a death yak
   888 | D        | Noticed a death yak
   889 | D        | Killed a catoblepas
   889 | D        | Reached ****** piety under Okawaru
   889 | D        | Received a gift from Okawaru
   889 | D        | Reached skill level 10 in Dodging
   889 | D        | Reached skill level 5 in Stealth
   896 | D        | Killed a death yak
   904 | D        | Killed a death yak
   904 | D        | Reached skill level 14 in Unarmed Combat
   907 | D        | Killed a death yak
   907 | D        | Reached XP level 11. HP: 45/119 MP: 7/15
   910 | D        | Killed a death yak
   910 | D        | Reached skill level 5 in Throwing
   914 | D        | Killed a death yak
  1085 | D        | Noticed Grum
  1087 | D        | Reached skill level 15 in Unarmed Combat
  1091 | D        | Killed Grum
  1103 | D        | Noticed Urug
  1111 | D        | Killed Urug
  1111 | D        | Received a gift from Okawaru
  1405 | D        | Noticed an orc knight
  1405 | D        | Noticed an orc knight
  1413 | D        | Killed an orc knight
  1424 | D        | Killed an orc knight
  1440 | D        | Noticed an orc knight
  1451 | D        | Killed an orc knight
  1451 | D        | Reached skill level 5 in Maces & Flails
  1486 | D        | Found Mudurraa's Antique Weapon Boutique.
  1486 | D        | Noticed an orc knight
  1486 | D        | Noticed an orc knight
  1486 | D        | Noticed an orc knight
  1498 | D        | Killed an orc knight
  1503 | D        | Killed an orc knight
  1513 | D        | Killed an orc knight
  1513 | D        | Reached skill level 16 in Unarmed Combat
  1514 | D        | Found Huutruji's Assorted Antiques.
  1519 | D        | Found Mur Vusch's Magic Scroll Boutique.
  1522 | D        | Noticed an orc knight
  1523 | D        | Found Zoiriaxi's Book Shop.
  1524 | D        | Noticed an orc knight
  1524 | D        | Noticed an orc knight
  1528 | D        | Killed an orc knight
  1532 | D        | Killed an orc knight
  1537 | D        | Killed an orc knight
  1537 | D        | Reached XP level 12. HP: 21/131 MP: 11/17
  1542 | D        | HP: 1/132 [orc warrior/trident (15)]
  1544 | D        | Slain by an orc warrior

Vault maps used:
D:        linesprint

Skill      XL: |  1  2  3  4  5  6  7  8  9 10 11 |
---------------+----------------------------------+-----
Fighting       | 3 4 5 6 7 8 9 10 11 | 11.8
Armour         | 1 2 3 4 5 6 7 8 |  8.0
Dodging        | 3 4 5 6 7 8 9 10 11 | 11.7
Unarmed Combat | 5 7 8 9 10 12 14 16 | 16.3
Invocations    | 2 3 4 5 6 7 8 |  8.3
Evocations     | 1 2 3 4 5 6 7 |  7.2
Stealth        | 2 3 4 5 6 |  6.3
Throwing       | 1 3 4 6 |  6.7
Maces & Flails | 1 3 5 |  5.8

Action                   |  1- 3 |  4- 6 |  7- 9 | 10-12 || total
-------------------------+-------+-------+-------+-------++-------
Melee: Unarmed           |    27 |    36 |    48 |    93 ||   204
       Punch             |     1 |     3 |     3 |    12 ||    19
Throw: Large rock        |       |       |     4 |    14 ||    18
       Javelin           |       |       |       |    68 ||    68
       Tomahawk          |       |       |       |     3 ||     3
Invok: Heroism           |       |     1 |     3 |     5 ||     9
       Finesse           |       |       |     1 |     5 ||     6
  Use: Scroll            |       |       |     4 |       ||     4
       Potion            |       |       |     1 |     2 ||     3
 Stab: Sleeping          |       |     1 |       |       ||     1
  Eat: Chunk             |     5 |       |    15 |     7 ||    27
Armor: Robe              |     4 |    10 |    29 |     7 ||    50
       Ice dragon armour |       |       |       |    14 ||    14
Dodge: Dodged            |    11 |    11 |    46 |    44 ||   112
